 Dungeon Crawl Stone Soup version 0.31-a0-876-gfe8ebadbca (webtiles) character file.

Game seed: 8006705587787076584

1512 Ahpoh the Slasher (level 8, -3/68 HPs)
             Began as a Ghoul Gladiator on Oct 13, 2023.
             Splashed by a jelly's acid (6 damage)
             ... on level 6 of the Dungeon.
             The game lasted 00:20:12 (5512 turns).

Ahpoh the Slasher (Ghoul Gladiator)                 Turns: 5512, Time: 00:20:13

Health: -3/68      AC: -5    Str: 18    XL:     8   Next: 83%
Magic:  0/16       EV: 11    Int:  3    God:
Gold:   295        SH:  0    Dex: 12    Spells: 7/7 levels left

rFire   + . .        a - +0 long sword
rCold   + . .        (no shield)
rNeg    + + +        D - +0 scale mail
rPois   ∞            c - +0 helmet
rElec   +            f - +0 cloak
rCorr   .            (no gloves)
SInv    +            i - +0 pair of boots
Will    +....        k - amulet of guardian spirit Stlth
                     s - ring of Itses {rElec rF+ Will+ MP+9 SInv}
HPRegen 0.00/turn    (no ring)
MPRegen 0.15/turn

%: guardian spirit
@: corroded, inhibited regen
A: claws 1, cold resistance 1, negative energy resistance 3, inhibited
regeneration, torment resistance 2, devour on kill
a: no special abilities


You were on level 6 of the Dungeon.
You visited 1 branch of the dungeon, and saw 6 of its levels.

You collected 295 gold pieces.

Inventory:

Hand Weapons
 a - a +0 long sword (weapon)
 e - a +2 trident
Missiles
 w - a javelin (quivered)
Armour
 b - a +0 leather armour
 c - a +0 helmet (worn)
 f - a +0 cloak (worn)
 i - a +0 pair of boots (worn)
 D - a +0 scale mail (worn)
Jewellery
 k - an amulet of guardian spirit (around neck)
 s - the ring of Itses (left claw) {rElec rF+ Will+ MP+9 SInv}
   (You found it on level 3 of the Dungeon)

   [ring of protection from fire]

   rF+:       It protects you from fire.
   rElec:     It insulates you from electricity.
   Will+:     It increases your willpower.
   MP+9:      It affects your magic capacity (+9).
   SInv:      It lets you see invisible.
Wands
 l - a wand of mindburst (13)
Scrolls
 d - a scroll of enchant armour {unknown}
 h - 3 scrolls of teleportation
 n - a scroll of summoning {unknown}
 o - 2 scrolls of blinking
 t - a scroll of noise {unknown}
 y - a scroll of vulnerability
 A - a scroll of poison {unknown}
 B - a scroll of fear {unknown}
 C - a scroll of identify
Potions
 g - a potion of berserk rage {unknown}
 j - 2 potions of degeneration
 m - a potion of mutation
 p - a potion of attraction {unknown}
 q - 2 potions of heal wounds
 r - a potion of resistance
 u - a potion of magic {unknown}
 v - a potion of invisibility
 x - a potion of haste {unknown}
 z - a potion of might {unknown}


   Skills:
 + Level 5.0 Fighting
 + Level 7.5 Long Blades
 + Level 2.4 Throwing
 + Level 4.1 Armour
 + Level 4.0 Dodging
 + Level 0.9 Stealth


You had 7 spell levels left.
You didn't know any spells.
Your spell library contained the following spells:

 Spells                   Type           Power      Damage    Failure   Level
 Ensorcelled Hibernation  Hex/Ice        0%         N/A       95%         2
 Jinxbite                 Hex            0%         N/A       95%         2
 Ignite Poison            Fire/Tmut/Pois 0%         N/A       99%         3
 Summon Guardian Golem    Hex/Summ       0%         N/A       99%         3
 Anguish                  Hex/Necr       0%         N/A       100%        4
 Sticky Flame             Conj/Fire      0%         2d3       100%        4
 Orb of Destruction       Conj           0%         9d5       100%        7
 Spellforged Servitor     Conj/Summ      0%         N/A       100%        7
 Ignition                 Fire           0%         3d3       100%        8


Dungeon Overview and Level Annotations

Branches:
Dungeon (6/15)
 Temple: D:4-7

Altars:
Hepliaklqana
Makhleb
Ru
Uskayaw


Innate Abilities, Weirdness & Mutations

You are immune to poison.
You have sharp fingernails.
Your flesh is cold resistant. (rC+)
You are immune to negative energy. (rN+++)
You do not regenerate when monsters are visible.
You are immune to unholy pain and torment.
You thrive by killing the living.


Message History

The jelly hits you but does no damage. The jelly closely misses you.
You slash the jelly!
Your claws burn!
The jelly is heavily wounded.
The jelly hits you but does no damage.
You hit the jelly but do no damage.
Your claws burn!
The jelly is heavily wounded.
The jelly hits you. The acid corrodes you!
You are splashed with acid!
You hit the jelly.
Your claws burn!
The jelly is heavily wounded.
The jelly hits you. The acid corrodes you!
You are splashed with acid!
You slash the jelly!
Your claws burn!
The jelly is almost dead.
The jelly jiggles.
The jelly barely misses you.
You hit the jelly but do no damage.
Your claws burn!
The jelly is almost dead.
The jelly hits you but does no damage.
You hit the jelly but do no damage. The acid corrodes you!
Your claws burn!
The jelly is almost dead.
The jelly hits you.
You are splashed with acid!
* * * LOW HITPOINT WARNING * * *
You hit the jelly but do no damage.
Your claws burn!
* * * LOW HITPOINT WARNING * * *
The jelly is almost dead.
The jelly barely misses you.
You hit the jelly but do no damage.
Your claws burn!
* * * LOW HITPOINT WARNING * * *
The jelly is almost dead.
The jelly hits you.
* * * LOW HITPOINT WARNING * * *
The acid corrodes you!
You are splashed with acid!
* * * LOW HITPOINT WARNING * * *
Aiming: Mindburst
Press: ? - help, Q - select action, (/) - cycle Shift-Dir - straight line, f - jelly
Aim: a jelly (almost dead, not susceptible)
The jelly is unaffected.
The jelly hits you.
* * * LOW HITPOINT WARNING * * *
You are splashed with acid!
You die...

#.....#(#....####.#
#..####.####......#
#. #.###### # #.#
#.# #[# #.#
##.####.# ......J@#
.......## .......
....... .......
#######


You could see a jelly.

Vanquished Creatures
  Sigmund (D:2)
  2 black bears
  An ice beast (D:5)
  An ogre (D:5)
  A phantom (D:4)
  A bullfrog (D:5)
  2 scorpions (D:5)
  5 wights
  A howler monkey (D:5)
  A hound (D:5)
  2 jellies (D:5)
  An iguana (D:3)
  3 orc wizards
  A sleepcap (D:5)
  Terence (D:2)
  6 adders
  A shadow imp (D:6)
  An ufetubus (D:4)
  2 worms (D:3)
  4 dart slugs
  14 orcs
  8 endoplasms
  A giant cockroach (D:1)
  10 goblins
  11 hobgoblins
  9 jackals
  9 kobolds
  4 quokkas
  8 ball pythons
  5 bats
  4 frilled lizards
  4 rats
125 creatures vanquished.

Vanquished Creatures (others)
  A kobold (D:2)
1 creature vanquished.

Grand Total: 126 creatures vanquished

Notes
Turn   | Place    | Note
-------+----------+-------------------------------------------
     0 | D:1      | Ahpoh the Ghoul Gladiator began the quest for the Orb.
     0 | D:1      | Reached XP level 1. HP: 17/17 MP: 0/0
    73 | D:1      | Reached XP level 2. HP: 17/24 MP: 1/1
   134 | D:1      | Found a faded altar of an unknown god.
   187 | D:1      | Reached skill level 3 in Long Blades
   368 | D:1      | Reached XP level 3. HP: 29/29 MP: 2/2
  1038 | D:2      | Noticed Terence
  1050 | D:2      | Killed Terence
  1051 | D:2      | Reached XP level 4. HP: 32/37 MP: 3/3
  1182 | D:2      | Reached skill level 1 in Armour
  1258 | D:2      | Found a hide-covered altar of Uskayaw.
  1574 | D:2      | Identified the +12 short sword of Death's Door {freeze,
                  | rPois rF+++ rCorr Int-4}
  1681 | D:2      | Noticed Sigmund
  1714 | D:2      | Killed Sigmund
  1715 | D:2      | Reached skill level 4 in Long Blades
  1715 | D:2      | Reached XP level 5. HP: 15/44 MP: 0/4
  1715 | D:2      | Reached XP level 6. HP: 17/50 MP: 0/5
  2435 | D:3      | Reached skill level 5 in Long Blades
  2439 | D:3      | Identified the ring of Itses {rElec rF+ Will+ MP+9 SInv}
  2713 | D:3      | Found a burning altar of Makhleb.
  2713 | D:3      | Noticed an Executioner
  2750 | D:3      | Noticed a neqoxec
  2750 | D:3      | Noticed a neqoxec
  3060 | D:4      | Identified the +1 leather armour of Xuprith {rElec rF-
                  | Int+5 SInv}
  3157 | D:4      | Noticed a black bear
  3164 | D:4      | Found a hazy altar of Hepliaklqana.
  3180 | D:4      | Killed a black bear
  3181 | D:4      | Reached XP level 7. HP: 38/57 MP: 6/6
  3471 | D:5      | Entered Level 5 of the Dungeon
  3509 | D:5      | Found a sacrificial altar of Ru.
  3741 | D:5      | Reached skill level 6 in Long Blades
  4068 | D:5      | Reached XP level 8. HP: 44/66 MP: 7/7
  5163 | D:5      | Reached skill level 7 in Long Blades
  5463 | D:6      | Reached skill level 5 in Fighting
  5512 | D:6      | HP: 3/68 [jelly (2)]
  5512 | D:6      | Splashed by a jelly's acid

Illustrated notes

Levels and vault maps discovered:
D:1:      dpeg_arrival_morbid_curiosity, layout_basic,
          hellmonk_ecumenical_altar_inner_sanctum
D:2:      layout_basic, basic_altar, uniq_sigmund, uniq_terence
D:3:      layout_rooms, makhleb_altar_promises_db, grunt_decor_arrowhead,
          nicolae_concentric_dashed_squares_mild
D:4:      layout_basic, overflow_temple_1_default, nrook_campfire, nrook_uturn
D:5:      layout_basic, nicolae_overflow_two_pavilions
D:6:      layout_basic, grunt_tough_drop

Skill      XL: |  1  2  3  4  5  6  7  8 |
---------------+-------------------------+-----
Dodging        | 3 4 |  4.0
Long Blades    | 3 4 5 6 7 |  7.5
Armour         | 2 3 4 |  4.1
Fighting       | 3 4 5 |  5.0
Throwing       | 2 |  2.4
Stealth        | |  0.9

Action                     |  1- 3 |  4- 6 |  7- 9 || total
---------------------------+-------+-------+-------++-------
  Melee: Long sword        |    85 |   272 |   212 ||   569
         Punch             |     1 |     2 |     3 ||     6
  Throw: Throwing net      |     1 |     4 |       ||     5
         Javelin           |     1 |     1 |     2 ||     4
         Stone             |       |       |    11 ||    11
  Evoke: Wand              |       |       |     1 ||     1
    Use: Scroll            |     2 |     6 |     1 ||     9
         Potion            |       |     1 |     3 ||     4
   Stab: Held in net/web   |     1 |       |       ||     1
 Armour: Leather armour    |    50 |       |       ||    50
         Scale mail        |       |   199 |   178 ||   377
  Dodge: Dodged            |    55 |   153 |   122 ||   330

Table legend: (Time is in decaauts)
 A = Elapsed time spent in this place.
 B = Non-inter-level travel time spent in this place.
 C = Inter-level travel time spent in this place.
 D = Time resting spent in this place.
 E = Time spent auto-exploring this place.
 F = Levels seen in this place.
 G = Mean time per level.
                   A        B        C        D        E       F      G
               +--------+--------+--------+--------+--------+-----+--------+
         Total |   5604 |   5507 |     97 |      0 |   3460 |   6 |  934.0 |
       Dungeon |   5604 |   5507 |     97 |      0 |   3460 |   6 |  934.0 |
               +--------+--------+--------+--------+--------+-----+--------+

Top non-repeatable levels by time:
     D:5: 1816 daAuts
     D:1: 1048 daAuts
     D:2: 1027 daAuts
     D:3: 806 daAuts
     D:4: 659 daAuts
     D:6: 245 daAuts
